 Dungeon Crawl Stone Soup version 0.29-a0-322-g68df515428 (webtiles) character file.

Game seed: 3399667466874603391

22250 Flugslaktarn the Thaumaturge (level 13, -15/93 HPs)
             Began as a Human Venom Mage on Apr 6, 2022.
             Was a High Priest of Vehumet.
             Demolished by a minotaur
             ... wielding the +8 mace "Xech" {chaos, rN+}
              (31 damage)
             ... in a Gauntlet.
             The game lasted 00:49:53 (6914 turns).

Flugslaktarn the Thaumaturge (Human Venom Mage)     Turns: 6914, Time: 00:49:54

Health: -15/93     AC: 15    Str:  8    XL:     13   Next: 26%
Magic:  26/26      EV: 16    Int: 24    God:    Vehumet [*****.]
Gold:   989        SH:  3    Dex: 13    Spells: 12/30 levels left

rFire   + . .      SeeInvis .   l - +4 broad axe (flame)
rCold   . . .      Faith    .   o - +0 buckler {AC+3}
rNeg    . . .      Spirit   .   O - +0 steam dragon scales
rPois   .          Reflect  .   e - +2 hat
rElec   .          Harm     .   (no cloak)
rCorr   .          Rampage  .   x - +1 pair of gloves
Will    .....      NoTele   +   i - +2 pair of boots
Stlth   ++........              R - amulet of magic regeneration
HPRegen 0.25/turn               v - +4 ring of evasion
MPRegen 0.60/turn               p - ring of protection from fire

@: weak-willed, slowed, very slow
A: clever 1
a: Renounce Religion


You were in a Gauntlet.
You worshipped Vehumet.
Vehumet was extremely pleased with you.
You visited 2 branches of the dungeon, and saw 14 of its levels.
You also visited: Sewer, Ossuary and Gauntlet.

You collected 989 gold pieces.

Inventory:

Hand Weapons
 l - a +4 broad axe of flaming (weapon)
   (You took it off Maggie on level 6 of the Dungeon)
 F - a +1 dagger of venom
   (You took it off an orc wizard on level 6 of the Dungeon)
 K - the +1 war axe of the Valley {vorpal, rC+}
   (You found it on level 8 of the Dungeon)

   It inflicts extra damage upon your enemies.
   rC:        It protects you from cold.
 L - a +4 battleaxe
   (You took it off a wight on level 8 of the Dungeon)
Missiles
 u - 2 curare-tipped darts (quivered)
 T - 6 javelins
Armour
 c - a +0 kite shield
   (You found it on level 1 of the Dungeon)
 e - a +2 hat (worn)
   (You found it on level 1 of the Dungeon)
 i - a +2 pair of boots (worn)
   (You found it on level 2 of the Dungeon)
 o - a +0 buckler of protection (worn)
   (You took it off a gnoll on level 7 of the Dungeon)
 x - a +1 pair of gloves (worn)
   (You found it on level 6 of the Dungeon)
 O - +0 steam dragon scales (worn)
   (You found it on level 9 of the Dungeon)
 P - +0 acid dragon scales
   (You took it off Maggie on level 6 of the Dungeon)
Magical Staves
 g - a staff of fire
   (You found it on level 7 of the Dungeon)
 N - a staff of conjuration
   (You found it on level 9 of the Dungeon)
Jewellery
 b - the ring "Kodapnoe" {rC+ Stlth+}
   (You found it in a Gauntlet)

   [ring of protection from cold]

   rC:        It protects you from cold.
   Stlth:     It makes you more stealthy.
 k - a ring of ice
   (You found it on level 2 of the Dungeon)
 m - a ring of willpower
   (You found it on level 9 of the Dungeon)
 p - a ring of protection from fire (right hand)
   (You found it on level 4 of the Dungeon)
 v - a +4 ring of evasion (left hand)
   (You found it on level 1 of the Dungeon)
 G - a ring of magical power
   (You found it on level 8 of the Dungeon)
 M - a ring of resist corrosion
   (You found it on level 9 of the Dungeon)
 R - an amulet of magic regeneration (around neck)
   (You found it on level 9 of the Dungeon)
Wands
 r - a wand of iceblast (1)
   (You found it on level 12 of the Dungeon)
 y - a wand of digging (13)
   (You found it on level 6 of the Dungeon)
 B - a wand of flame (20)
   (You found it on level 4 of the Dungeon)
 I - a wand of paralysis (7)
   (You found it on level 8 of the Dungeon)
 S - a wand of charming (10)
   (You found it on level 6 of the Dungeon)
Scrolls
 f - a scroll of vulnerability
 j - a scroll of silence
 n - 5 scrolls of fog
 s - a scroll of brand weapon
 t - 3 scrolls of teleportation
 z - 2 scrolls of blinking
Potions
 a - a potion of attraction {unknown}
 d - 3 potions of might
 h - a potion of haste
 q - 2 potions of curing
 A - 2 potions of mutation
 C - 4 potions of flight
 D - a potion of magic
 E - a potion of ambrosia {unknown}
 H - 2 potions of berserk rage
 J - a potion of brilliance {unknown}
 Q - a potion of lignification {unknown}


   Skills:
 - Level 6.0 Fighting
 - Level 4.0 Dodging
 - Level 2.0 Stealth
 - Level 9.0 Spellcasting
 - Level 1.0 Conjurations
 - Level 8.2 Necromancy
 + Level 7.8 Transmutations
 + Level 7.8 Air Magic
 - Level 8.2 Earth Magic
 - Level 7.0 Poison Magic
 - Level 5.0 Evocations


You had 12 spell levels left.
You knew the following spells:

 Your Spells              Type           Power      Damage    Failure   Level
a - Sting                 Tmut/Pois      100%       1d8       1%          1
b - Poisonous Vapours     Pois/Air       92%        N/A       1%          2
c - Mephitic Cloud        Conj/Pois/Air  36%        N/A       1%          3
d - Olgreb's Toxic Radia  Pois           44%        N/A       1%          4
e - Borgnjor's Vile Clut  Necr/Erth      25%        N/A       8%          5
f - Ignite Poison         Fire/Tmut/Pois 34%        N/A       1%          3

Your spell library contained the following spells:

 Spells                   Type           Power      Damage    Failure   Level
 Iron Shot                Conj/Erth      16%        9d4       41%         6
 Animate Skeleton         Necr           100%       N/A       1%          1
 Pain                     Necr           100%       1d9       1%          1
 Shock                    Conj/Air       100%       1d9       1%          1
 Swiftness                Air            48%        N/A       1%          3
 Vampiric Draining        Necr           50%        2d9       1%          3
 Airstrike                Air            24%        N/A       1%          4
 Freeze                   Ice            40%        1d6       2%          1
 Animate Dead             Necr           25%        N/A       2%          4
 Conjure Flame            Conj/Fire      13%        6-21      5%          3
 Frozen Ramparts          Ice            20%        1d4       7%          3
 Blink                    Tloc           20%        N/A       12%         2
 Hailstorm                Conj/Ice       13%        3d5       17%         4
 Sticky Flame             Conj/Fire      13%        2d4       17%         4
 Ozocubu's Armour         Ice            10%        N/A       24%         3
 Death Channel            Necr           25%        N/A       38%         6
 Manifold Assault         Tloc           10%        N/A       91%         5
 Metabolic Englaciation   Hex/Ice        5%         N/A       91%         5
 Simulacrum               Ice/Necr       15%        N/A       92%         6
 Storm Form               Tmut/Air       24%        N/A       95%         7


Dungeon Overview and Level Annotations

Branches:
Dungeon (12/15)            Temple (0/1) D:7             Orc (2/2) D:11
  Sewer (visited)         Ossuary (visited)         Gauntlet (1/1)
   Lair: D:8-11         Elf: Orc:2

Altars:
Nemelex Xobeh
Okawaru
Sif Muna
Vehumet
Xom
Yredelemnul

Shops:
D:4 :   D:9 *   Orc:2 [(=

Portals:
Abyss: D:8

Annotations:
D:5 Dowan, Grinder
D:6 exclusion: upstairs
D:7 Pikel
D:8 2 transporters
D:11 exclusion: downstairs
Orc:1 3 runed translucent doors, benappo's ghost, journeyman TrGl
Orc:2 Donald; Urug Gauntlet 4 transporters


Innate Abilities, Weirdness & Mutations

Your mind is acute. (Int +2)


Message History

You swing at nothing.
You swing at nothing.
You swing at nothing.
You swing at nothing.
You swing at nothing.
You swing at nothing.
You see here a fire crab corpse.
You are a level 13 Human Venom Mage.
You are 26% of the way to level 14.
Play time: 00:49:29 (6836 turns).
Zot will find you in 5686 turns if you stay in this branch and explore no new floors.
Unknown command.
You swing at nothing.
You swing at nothing.
You swing at nothing.
You swing at nothing.
You swing at nothing.
You swing at nothing.
You swing at nothing.
You swing at nothing.
You swing at nothing.
You swing at nothing.
You swing at nothing.
You swing at nothing.
You swing at nothing.
You swing at nothing.
You swing at nothing.
You swing at nothing.
You swing at nothing.
You swing at nothing.
You swing at nothing.
You swing at nothing.
You swing at nothing.
You swing at nothing.
You swing at nothing.
You swing at nothing.
You swing at nothing.
You swing at nothing.
You swing at nothing.
You swing at nothing.
You swing at nothing.
You swing at nothing.
You swing at nothing.
You swing at nothing.
You swing at nothing.
You swing at nothing.
You swing at nothing.
You swing at nothing.
You swing at nothing.
You swing at nothing.
You swing at nothing.
You swing at nothing.
You swing at nothing.
You swing at nothing.
You swing at nothing.
You swing at nothing.
You swing at nothing.
You swing at nothing.
You swing at nothing.
You swing at nothing.
You swing at nothing.
HP restored.
A minotaur comes into view.
It is wielding the +8 mace "Xech" {chaos, rN+}.
The minotaur bellows!
Press: ? - help, v - describe, . - travel
Here: a minotaur, wielding the +8 mace "Xech" {chaos, rN+}, wearing a +0 plate armour and quivering javelins The floor.
Unknown command.
Unknown command.
Unknown command.
Press: ? - help, v - describe, . - travel
Here: a minotaur, wielding the +8 mace "Xech" {chaos, rN+}, wearing a +0 plate armour and quivering javelins The floor.
Unknown command.
Really read the scroll of vulnerability?
As you read the scroll of vulnerability, it crumbles to dust.
Magic quickly surges around you.
Aiming: Paralyse
Press: ? - help, Shift-Dir - straight line, f - minotaur
Aim: a minotaur, wielding the +8 mace "Xech" {chaos, rN+}, wearing a +0 plate armour and quivering javelins (weak-willed, chance to affect: 35%)
The minotaur easily resists.
The minotaur hits you with the +8 mace "Xech" {chaos, rN+}!
The minotaur freezes you. The minotaur gores you!
Aiming: Paralyse
Press: ? - help, Shift-Dir - straight line, f/p - minotaur
Aim: a minotaur, wielding the +8 mace "Xech" {chaos, rN+}, wearing a +0 plate armour and quivering javelins (weak-willed, chance to affect: 35%)
The minotaur easily resists.
The minotaur hits you with the +8 mace "Xech" {chaos, rN+}!!
You feel yourself slow down.
The minotaur gores you but does no damage.
Aiming: Paralyse
Press: ? - help, Shift-Dir - straight line, f/p - minotaur
Aim: a minotaur, wielding the +8 mace "Xech" {chaos, rN+}, wearing a +0 plate armour and quivering javelins (weak-willed, chance to affect: 35%)
The minotaur easily resists.
The minotaur hits you with the +8 mace "Xech" {chaos, rN+}!!
* * * LOW HITPOINT WARNING * * *
The minotaur freezes you!
* * * LOW HITPOINT WARNING * * *
The minotaur closely misses you.
The minotaur hits you with the +8 mace "Xech" {chaos, rN+}!!
You die...

### ...... ############
....8. ##.#........####
.......§##..#.######....#
####...##...#.#.@..###..#
...#...#....#.#H##....#.#
##=#...#.8©.#.#. ####.#.#
.#/#...#....#.#. #.#.#
.#©#.8.#.8©...#. #.#.#
.#x#...#....#.#. #.#.#
#.[#...#.8©.#.#. ####.#.#
...#...#.††.#.####....#.#
####...##...#.#....####


You could see a minotaur (weak-willed).

Vanquished Creatures
  2 orc warlords
  Azrael (Orc:2)
  A boulder beetle (D:12)
  2 two-headed ogres
  An orc high priest (Orc:2)
  Nergalle (Orc:1)
  A fire crab (Gauntlet)
  2 orc knights (Orc:2)
  A cyclops (D:8)
  2 orc sorcerers (Orc:2)
  Maggie (D:6)
  A gargoyle (D:10)
  2 kobold demonologists (D:12)
  6 trolls
  3 meliai (Gauntlet)
  15 yaks
  4 fire bats (Gauntlet)
  A fire elemental (Orc:2)
  A steam dragon (D:9)
  4 wargs
  4 hell hounds
  2 water moccasins
  2 ice beasts
  28 orc warriors
  4 ogres
  3 centaurs
  3 lemures (D:7)
  4 kobold brigands
  An elf zombie (Ossuary)
  3 bullfrogs
  2 gnoll sergeants
  A necrophage (D:5)
  4 scorpions
  11 wights
  7 killer bees
  A howler monkey (D:10)
  A centaur zombie (Ossuary)
  5 hounds
  15 orc priests
  3 gnoll shamans
  2 jellies
  2 human zombies (Ossuary)
  3 iguanas
  26 orc wizards
  2 mummies (Ossuary)
  23 gnolls
  10 adders
  A river rat (Sewer)
  3 shadow imps
  An ufetubus (D:6)
  2 adder zombies (Ossuary)
  A worm (D:4)
  3 dart slugs
  70 orcs
  5 bats
  4 endoplasms (D:1)
  A giant cockroach (D:4)
  7 hobgoblins
  10 jackals
  2 quokkas
  8 ball pythons
  5 frilled lizards
  8 goblins
  14 hobgoblin zombies (Ossuary)
  19 kobolds
  9 kobold zombies (Ossuary)
  5 orc zombies (Ossuary)
  9 rats
  3 rat zombies (Ossuary)
414 creatures vanquished.

Vanquished Creatures (others)
  A steam dragon (D:8)
  An orc (D:9)
  34 fungi
  24 plants
  4 toadstools (D:1)
64 creatures vanquished.

Grand Total: 478 creatures vanquished

Notes
Turn   | Place    | Note
-------+----------+-------------------------------------------
     0 | D:1      | Flugslaktarn the Human Venom Mage began the quest for the
                  | Orb.
     0 | D:1      | Reached XP level 1. HP: 13/13 MP: 3/3
   119 | D:1      | Found a faded altar of an unknown god.
   131 | D:1      | Prayed at the altar of an unknown god.
   131 | D:1      | Became a worshipper of Vehumet
   131 | D:1      | Reached * piety under Vehumet
   131 | D:1      | Offered knowledge of Shock by Vehumet.
   221 | D:1      | Reached XP level 2. HP: 19/19 MP: 5/5
   263 | D:1      | Learned a level 2 spell: Poisonous Vapours
   265 | D:1      | Learned a level 1 spell: Shock
   414 | D:1      | Reached XP level 3. HP: 12/24 MP: 3/6
   615 | D:2      | Reached skill level 1 in Air Magic
   622 | D:2      | Reached ** piety under Vehumet
   734 | D:2      | Reached XP level 4. HP: 24/30 MP: 0/8
   737 | D:2      | Offered knowledge of Searing Ray by Vehumet.
   770 | D:2      | Found a basalt altar of Yredelemnul.
   902 | D:3      | Found a glowing drain.
   936 | D:3      | Reached skill level 3 in Spellcasting
   974 | Sewer    | Entered a sewer
  1002 | Sewer    | Reached XP level 5. HP: 10/35 MP: 3/9
  1130 | Sewer    | Offered knowledge of Scorch by Vehumet.
  1162 | Sewer    | Noticed a kobold brigand
  1188 | Sewer    | Killed a kobold brigand
  1189 | Sewer    | Reached skill level 1 in Conjurations
  1265 | Sewer    | Reached XP level 6. HP: 26/41 MP: 9/11
  1531 | D:3      | Reached *** piety under Vehumet
  1532 | D:3      | Reached skill level 4 in Spellcasting
  1650 | D:4      | Learned a level 3 spell: Mephitic Cloud
  1655 | D:4      | Learned a level 4 spell: Olgreb's Toxic Radiance
  1706 | D:5      | Entered Level 5 of the Dungeon
  1706 | D:5      | You fall into a shaft and drop 1 floor!
  1711 | D:6      | Reached skill level 1 in Fighting
  1711 | D:6      | Reached XP level 7. HP: 39/48 MP: 7/13
  1712 | D:6      | Reached skill level 5 in Poison Magic
  1756 | D:6      | Offered knowledge of Hailstorm by Vehumet.
  1759 | D:6      | Reached skill level 5 in Spellcasting
  1765 | D:6      | Learned a level 5 spell: Borgnjor's Vile Clutch
  1807 | D:6      | Reached skill level 1 in Necromancy
  1807 | D:6      | Reached skill level 1 in Earth Magic
  1813 | D:6      | Noticed Maggie
  1825 | D:6      | Reached XP level 8. HP: 26/56 MP: 1/15
  1875 | D:6      | Killed Maggie
  2025 | D:5      | Noticed a yak
  2027 | D:5      | Noticed a yak
  2027 | D:5      | Noticed a yak
  2027 | D:5      | Noticed a yak
  2028 | D:5      | Noticed a yak
  2055 | D:4      | Gained mutation: Your mind is acute. (Int +2) [potion of
                  | mutation]
  2130 | D:3      | Reached skill level 6 in Spellcasting
  2175 | D:4      | Reached **** piety under Vehumet
  2188 | D:4      | Found Ymeti's Book Boutique.
  2468 | D:3      | Offered knowledge of Flame Wave by Vehumet.
  2812 | D:5      | Noticed Dowan
  2844 | D:4      | Reached XP level 9. HP: 27/61 MP: 13/18
  3067 | D:5      | Noticed Grinder
  3213 | D:6      | Reached skill level 5 in Necromancy
  3213 | D:6      | Reached skill level 5 in Earth Magic
  3551 | D:7      | Reached XP level 10. HP: 40/67 MP: 4/19
  3598 | D:7      | Noticed Pikel
  3620 | D:7      | Paralysed by Pikel for 3 turns
  3793 | D:8      | Noticed a cyclops
  3815 | D:8      | Killed a cyclops
  3875 | D:7      | Found a staircase to the Ecumenical Temple.
  3918 | D:8      | Found a transporter.
  3918 | D:8      | Noticed a green ugly thing
  3938 | D:8      | Found a transporter.
  3952 | D:8      | Reached skill level 1 in Evocations
  3987 | D:8      | Found a sand-covered staircase.
  4104 | Ossuary  | Entered an ossuary
  4137 | Ossuary  | Reached ***** piety under Vehumet
  4155 | Ossuary  | Offered knowledge of Starburst by Vehumet.
  4465 | D:8      | Reached XP level 11. HP: 77/77 MP: 17/21
  4479 | D:8      | Found a one-way gate to the infinite horrors of the Abyss.
  4490 | D:8      | Noticed a toenail golem
  4495 | D:8      | Found a shimmering altar of Xom.
  4495 | D:8      | Found a sparkling altar of Nemelex Xobeh.
  4498 | D:8      | Found a shimmering blue altar of Sif Muna.
  4535 | D:8      | Identified the +1 war axe of the Valley {vorpal, rC+}
  4678 | D:9      | Reached skill level 7 in Spellcasting
  4692 | D:10     | Entered Level 10 of the Dungeon
  4763 | D:9      | Found an iron altar of Okawaru.
  4874 | D:9      | Found Yrchez's Overcharged Wands.
  5154 | D:10     | Offered knowledge of Iskenderun's Battlesphere by Vehumet.
  5158 | D:10     | Reached skill level 8 in Spellcasting
  5174 | D:10     | Noticed a two-headed ogre
  5185 | D:10     | Killed a two-headed ogre
  5221 | D:11     | Reached skill level 5 in Evocations
  5360 | D:11     | Noticed a two-headed ogre
  5370 | D:11     | Killed a two-headed ogre
  5371 | D:11     | Reached skill level 9 in Spellcasting
  5453 | D:12     | Noticed a cyclops
  5453 | D:12     | Noticed a boulder beetle
  5527 | D:11     | Found a staircase to the Orcish Mines.
  5594 | D:12     | Noticed a boulder beetle
  5612 | D:12     | Killed a boulder beetle
  5737 | D:12     | Reached skill level 5 in Fighting
  5853 | Orc:1    | Entered Level 1 of the Orcish Mines
  5875 | Orc:1    | Reached XP level 12. HP: 75/86 MP: 25/25
  5918 | Orc:1    | Noticed an orc warlord
  5950 | Orc:1    | Killed an orc warlord
  5994 | Orc:1    | Learned a level 3 spell: Ignite Poison
  6012 | Orc:1    | Found a runed translucent gate.
  6014 | Orc:1    | Found a runed translucent gate.
  6015 | Orc:1    | Found a runed translucent gate.
  6016 | Orc:1    | Noticed benappo's ghost (journeyman TrGl)
  6076 | Orc:1    | Noticed Nergalle
  6084 | Orc:1    | Killed Nergalle
  6186 | Orc:2    | Entered Level 2 of the Orcish Mines
  6227 | Orc:2    | Found Qoblui's Antique Armour Boutique.
  6255 | Orc:2    | Noticed an orc warlord
  6268 | Orc:2    | Killed an orc warlord
  6269 | Orc:2    | Reached skill level 5 in Transmutations
  6269 | Orc:2    | Reached skill level 5 in Air Magic
  6335 | Orc:2    | Noticed an orc high priest
  6343 | Orc:2    | Killed an orc high priest
  6349 | Orc:2    | Found Yvuito's Antique Weapon Shoppe.
  6370 | Orc:2    | Noticed Urug
  6387 | Orc:2    | Found Plog's Jewellery Emporium.
  6438 | Orc:2    | Reached XP level 13. HP: 57/93 MP: 19/26
  6438 | Orc:2    | Noticed Azrael
  6457 | Orc:2    | Noticed Donald
  6458 | Orc:2    | wow really
  6469 | Orc:2    | Killed Azrael
  6469 | Orc:2    | Offered knowledge of Iron Shot by Vehumet.
  6567 | Orc:2    | Found a gate leading to a gauntlet.
  6576 | Gauntlet | Entered a Gauntlet
  6576 | Gauntlet | Found a transporter.
  6585 | Gauntlet | Found a transporter.
  6586 | Gauntlet | Found a transporter.
  6594 | Gauntlet | Found a transporter.
  6596 | Gauntlet | Found a transporter.
  6596 | Gauntlet | Found a transporter.
  6605 | Gauntlet | Found a transporter.
  6606 | Gauntlet | Found a transporter.
  6660 | Gauntlet | Identified the ring "Kodapnoe" {rC+ Stlth+}
  6910 | Gauntlet | Identified the +8 mace "Xech" {chaos, rN+}
  6910 | Gauntlet | Noticed a minotaur
  6914 | Gauntlet | Demolished by a minotaur

Illustrated notes

....).[...PP..# .............○
........[...P.## #.........∩).
<.....P........## #........))P)
....P.......P...## #.........h.
...........8.....# #....☼.).)..
.........∩......## #.○E)....
....P.P.....P....# ### #○○......
..#.PP..........#####.###hh○#....
...#............@##.....R○☼......
......[..P..P...#.....h°E○.......
.#....[.........###...#.#.##..##.
..##...........## ##...####...# #
.##...........@## #......###.##
..#.............# ##..#...####
.))............## #......##
.##...#....................
####...##...#.....#......##.


Turn 6458 on Orc:2: wow really

Levels and vault maps discovered:
D:1:      ldierk_walled_garden_2, layout_loops_cross,
          chequers_ecumenical_altar_island, dreamdust_mushroom_princess,
          hangedman_abyss_or_decor_stabs, minmay_split_cup_small
D:2:      layout_rooms, serial_curves, eino_curves_01, eino_curves_01,
          basic_altar
D:3:      layout_loops_corners, cheibrodos_sewer_entry_drain
D:4:      layout_basic, serial_shops, nicolae_inconvenience_store,
          kennysheep_flooded_box, minmay_misc_feat_room, minivault_27,
          minmay_misc_feat_x
D:5:      layout_cave_pools, uniq_grinder, uniq_duvessa
D:6:      layout_basic, serial_corexii_hall, chequers_hall_statues_wall_a,
          corexii_hall_statues_i, uniq_maggie
D:7:      layout_cave_pools, minmay_temple_entry_wispy, uniq_pikel
D:8:      layout_basic, nicolae_overflow_hidden_temple,
          nicolae_ossuary_entry_monument, gammafunk_ghost_abyssal_escape
D:9:      layout_loops_cross, kennysheep_little_box, dk_noncrumbling_4,
          dk_noncrumbling_3, serial_bayou_pond_e, hangedman_decor_slide_cut,
          nicolae_shop_overcharged_wands
D:10:     layout_loops_ring
D:11:     layout_roguey, lair_entry_dummy, david_orc_1_choice
D:12:     layout_loops_ring
Orc:1:    layout_caves, ebering_ghost_rock_garden, uniq_nergalle
Orc:2:    grunt_orc_gardens, layout_caves, grunt_orc_garden, grunt_orc_garden,
          grunt_orc_garden, grunt_orc_garden, basic_altar,
          gauntlet_entry_generic, gammafunk_ghost_stat_death, uniq_azrael,
          uniq_urug, uniq_donald
Gauntlet: minmay_gauntlet_mixed_oops_all_seconds
          [minmay_gauntlet_arena_77_mirror, nicolae_gauntlet_arena_quarters,
          minmay_gauntlet_arena_77_run_for_it, gammafunk_gauntlet_arena_hedges,
          minmay_gauntlet_arena_77_box, gammafunk_gauntlet_arena_chambers,
          dreamdust_gauntlet_exit_labyrinth]

Skill      XL: |  1  2  3  4  5  6  7  8  9 10 11 12 13 |
---------------+----------------------------------------+-----
Transmutations | 2 3 6 7 |  7.8
Air Magic      | 1 2 3 6 7 |  7.8
Spellcasting   | 3 4 5 6 9 |  9.0
Conjurations   | 1 |  1.0
Poison Magic   | 4 5 7 |  7.0
Fighting       | 1 2 4 5 6 |  6.0
Necromancy     | 1 4 7 8 |  8.2
Earth Magic    | 1 4 7 8 |  8.2
Evocations     | 3 5 |  5.0
Dodging        | 3 4 |  4.0
Stealth        | |  2.0

Action                   |  1- 3 |  4- 6 |  7- 9 | 10-12 | 13-15 || total
-------------------------+-------+-------+-------+-------+-------++-------
Melee: Short sword       |    20 |       |       |       |       ||    20
       Spear             |    11 |    32 |       |       |       ||    43
       Dagger            |       |    54 |   120 |       |       ||   174
       Punch             |       |       |     2 |       |       ||     2
       Broad axe         |       |       |    15 |   195 |     2 ||   212
Throw: Dart              |       |       |       |     2 |       ||     2
 Cast: Sting             |    38 |    80 |    33 |    15 |     2 ||   168
       Poisonous Vapours |     3 |     9 |    22 |    10 |     3 ||    47
       Shock             |     9 |       |    20 |     5 |       ||    34
       Olgreb's Toxic Ra |       |     2 |    33 |   101 |     7 ||   143
       Mephitic Cloud    |       |       |     3 |    10 |     1 ||    14
       Borgnjor's Vile C |       |       |     9 |    38 |     4 ||    51
       Ignite Poison     |       |       |       |    12 |     2 ||    14
Evoke: Wand              |       |       |       |     6 |     5 ||    11
  Use: Potion            |       |     1 |     7 |     4 |     4 ||    16
       Scroll            |       |     3 |     9 |     9 |     3 ||    24
 Stab: Sleeping          |       |     1 |     1 |     3 |       ||     5
       Confused          |       |       |     3 |     2 |       ||     5
Armor: Robe              |    13 |    25 |    29 |    53 |       ||   120
       Steam dragon scal |       |       |       |    51 |    14 ||    65
Dodge: Dodged            |    24 |    94 |   122 |   231 |    16 ||   487
Block: Buckler           |       |       |       |    62 |     5 ||    67

Table legend: (Time is in decaauts)
 A = Elapsed time spent in this place.
 B = Non-inter-level travel time spent in this place.
 C = Inter-level travel time spent in this place.
 D = Time resting spent in this place.
 E = Time spent auto-exploring this place.
 F = Levels seen in this place.
 G = Mean time per level.
                   A        B        C        D        E       F      G
               +--------+--------+--------+--------+--------+-----+--------+
         Total |   7342 |   6750 |    592 |      0 |      0 |  17 |  431.9 |
       Dungeon |   5292 |   4733 |    559 |      0 |      0 |  12 |  441.0 |
  Orcish Mines |    753 |    720 |     33 |      0 |      0 |   2 |  376.5 |
         Sewer |    643 |    643 |      0 |      0 |      0 |   1 |  643.0 |
       Ossuary |    229 |    229 |      0 |      0 |      0 |   1 |  229.0 |
      Gauntlet |    423 |    423 |      0 |      0 |      0 |   1 |  423.0 |
               +--------+--------+--------+--------+--------+-----+--------+

Top non-repeatable levels by time:
     D:6: 783 daAuts
     D:3: 706 daAuts
   Sewer: 643 daAuts
     D:8: 621 daAuts
     D:4: 609 daAuts
     D:1: 565 daAuts
     D:9: 431 daAuts
Gauntlet: 423 daAuts
   Orc:2: 398 daAuts
   Orc:1: 355 daAuts
    D:11: 350 daAuts
    D:10: 343 daAuts
     D:7: 248 daAuts
 Ossuary: 229 daAuts
     D:5: 225 daAuts
